 Dungeon Crawl Stone Soup version 0.22.1-2-g9c5b331 (webtiles) character file.

2831 whitewolfNL the Basher (level 9, -12/74 HPs)
             Began as a Minotaur Berserker on Nov 27, 2018.
             Was a High Priest of Trog.
             Mangled by an orc warrior
             ... wielding a +0 halberd
              (18 damage)
             ... on level 8 of the Dungeon.
             The game lasted 00:35:11 (7357 turns).

whitewolfNL the Basher (Minotaur Berserker)         Turns: 7357, Time: 00:35:12

Health: -12/74     AC: 14    Str: 21    XL:     9   Next: 45%
Magic:  10/10      EV:  8    Int:  5    God:    Trog [*****.]
Gold:   775        SH:  5    Dex: 13    Spells: 8/8 levels left

rFire    . . .     SeeInvis .   A - +2 mace (crush)
rCold    . . .     Gourm    .   o - +0 buckler
rNeg     . . .     Faith    .   D - +0 plate armour
rPois    .         Spirit   .   (helmet unavailable)
rElec    .         Reflect  .   x - +0 cloak
rCorr    .         Harm     .   (no gloves)
MR       .....     Clarity  +   (no boots)
Stlth    ..........             (no amulet)
HPRegen  0.62/turn              e - ring of flight
MPRegen  0.12/turn              a - ring of stealth

@: berserk cooldown, slowed, very slow
A: retaliatory headbutt, claws 1, horns 3, clarity, regeneration 1
a: Berserk, Trog's Hand, Brothers in Arms, Renounce Religion, Evoke Flight


You were on level 8 of the Dungeon.
You worshipped Trog.
Trog was extremely pleased with you.
You were not hungry.

You visited 1 branch of the dungeon, and saw 8 of its levels.
You also visited: Ossuary.

You collected 775 gold pieces.

Inventory:

Hand Weapons
 A - a +2 mace of crushing (weapon)
 F - a +0 antimagic halberd
 J - a +4 long sword
 N - a +0 shortbow
Missiles
 b - 196 arrows
 j - 227 stones
 n - 39 bolts
 r - a throwing net (quivered)
 B - 41 sling bullets
 M - 8 poisoned tomahawks
Armour
 o - a +0 buckler (worn)
 x - a +0 cloak (worn)
 D - a +0 plate armour (worn)
Jewellery
 a - a ring of stealth (right claw)
 e - a ring of flight (left claw)
Wands
 m - a wand of random effects (29)
 p - a wand of digging (11)
 y - a wand of paralysis (13)
 I - a wand of polymorph (31)
 L - a wand of iceblast (12)
Scrolls
 f - 6 scrolls of remove curse
 g - 3 scrolls of amnesia
 h - 3 scrolls of enchant weapon
 k - 2 scrolls of enchant armour {unknown}
 q - 3 scrolls of magic mapping
 s - 2 scrolls of fear {unknown}
 u - 8 scrolls of teleportation
 w - 2 scrolls of blinking {unknown}
 z - 2 scrolls of fog {unknown}
 C - a scroll of immolation {unknown}
 H - a scroll of torment {unknown}
Potions
 d - 2 potions of lignification {unknown}
 i - a potion of flight
 l - a potion of might {unknown}
 t - 4 potions of curing
 v - 5 potions of haste
 E - 2 potions of brilliance
 G - a potion of resistance {unknown}
 K - a potion of agility
 O - a potion of experience {unknown}
 P - a potion of magic {unknown}
 Q - a potion of heal wounds {unknown}
 R - a potion of cancellation {unknown}
Comestibles
 c - 7 rations
 S - 2 chunks of flesh


   Skills:
 + Level 5.5 Fighting
 * Level 10.0 Maces & Flails
 * Level 7.4 Armour
 * Level 5.0 Dodging
 * Level 3.5 Stealth
 - Level 4.0 Shields
 * Level 3.3 Evocations


You had 8 spell levels left.
You didn't know any spells.
Your spell library was empty.

Dungeon Overview and Level Annotations

Branches:
Dungeon (8/15)             Temple (0/1) D:6
   Lair: D:8-11

Altars:
Cheibriados
Dithmenos
Elyvilon
Fedhas
Gozag
Kikubaaqudgha
Makhleb
Nemelex Xobeh
Ru
Uskayaw
Xom
Zin
The Shining One


Innate Abilities, Weirdness & Mutations

You reflexively headbutt those who attack you in melee.
You have a pair of large horns on your head.
You have sharp fingernails.
You possess an exceptional clarity of mind.
Your natural rate of healing is unusually fast.


Message History

Beogh smites you!
The orc priest hits you but does no damage.
The orc warrior hits you with a halberd!
You block the orc priest's attack.
You see here a quokka corpse.
You closely miss the orc warrior.
The orc warrior hits you but does no damage.
The orc priest calls down the wrath of Beogh upon you.
Pain shoots through your body!
* * * LOW HITPOINT WARNING * * *
You closely miss the orc warrior.
The orc warrior hits you but does no damage.
You block the orc priest's attack.
The orc warrior hits you but does no damage.
An orc comes into view. It is wielding a whip.
The orc priest invokes the aid of Beogh against you.
Beogh smites you!
* * * LOW HITPOINT WARNING * * *
The orc warrior hits you from afar with a halberd!!
You die...

# #. . .# #.# .# o.#.###
.oo{# #oo# #†# #@# #.# ####
#.# #... #.######### #...
#.........#####...
##........##......
#############........#..#....
#..........##........#.......
#..........######.#....###...


You could see an orc warrior, an orc priest and 2 orcs.

Vanquished Creatures
  Prince Ribbit (D:6)
  A water moccasin (D:5)
  A sky beast (D:8)
  A necrophage (D:7)
  3 ogres
  A centaur (D:8)
  2 big kobolds
  3 bullfrogs
  A water moccasin zombie (D:7)
  2 scorpions
  6 killer bees (D:8)
  3 wights (D:6)
  7 crimson imps
  A quasit (D:6)
  2 orc priests
  A gnoll shaman (D:5)
  3 hounds
  An orc wizard (D:5)
  2 jellies (D:5)
  2 centaur skeletons (D:4)
  An iguana (D:5)
  5 worker ants
  A big kobold zombie (Ossuary)
  8 mummies (Ossuary)
  9 gnolls
  9 adders
  A howler monkey skeleton (D:7)
  An ooze (D:3)
  3 adder zombies
  An adder skeleton (D:5)
  3 worms (D:2)
  2 dart slugs
  14 orcs
  6 giant cockroaches
  A gnoll zombie (Ossuary)
  7 goblins
  12 hobgoblins
  16 jackals
  3 quokkas
  A ball python (D:3)
  5 bats
  7 frilled lizards
  2 hobgoblin zombies (Ossuary)
  13 kobolds
  2 kobold zombies (Ossuary)
  2 leopard gecko skeletons
  2 orc zombies (Ossuary)
  A quokka zombie (D:8)
  3 rats
185 creatures vanquished.

Notes
Turn   | Place    | Note
-------+----------+-------------------------------------------
     0 | D:1      | whitewolfNL the Minotaur Berserker began the quest for the
                  | Orb.
     0 | D:1      | Reached XP level 1. HP: 19/19 MP: 0/0
   242 | D:1      | Reached skill level 4 in Maces & Flails
   245 | D:1      | Reached XP level 2. HP: 20/27 MP: 1/1
  1172 | D:2      | Reached XP level 3. HP: 27/33 MP: 2/2
  1173 | D:2      | Found a hide-covered altar of Uskayaw.
  1643 | D:2      | Reached ** piety under Trog
  1726 | D:2      | Found a sacrificial altar of Ru.
  1907 | D:2      | Reached XP level 4. HP: 40/40 MP: 3/3
  2418 | D:3      | Reached skill level 5 in Maces & Flails
  2562 | D:3      | Reached XP level 5. HP: 42/46 MP: 4/4
  2592 | D:3      | Reached skill level 1 in Stealth
  2606 | D:3      | Gained mutation: You evolve. [potion of mutation]
  2606 | D:3      | Gained mutation: Your natural rate of healing is unusually
                  | fast. [potion of mutation]
  2606 | D:3      | Gained mutation: You have sharp fingernails. [potion of
                  | mutation]
  2611 | D:3      | Reached *** piety under Trog
  2611 | D:3      | Reached skill level 1 in Evocations
  2617 | D:3      | Found a shadowy altar of Dithmenos.
  2780 | D:3      | Found a faded altar of an unknown god.
  2863 | D:3      | Lost mutation: You evolve. [potion of mutation]
  2863 | D:3      | Gained mutation: You have a pair of large horns on your
                  | head. [potion of mutation]
  2863 | D:3      | Gained mutation: You possess an exceptional clarity of
                  | mind. [potion of mutation]
  3151 | D:4      | Found a snail-covered altar of Cheibriados.
  3205 | D:4      | Reached skill level 1 in Shields
  3309 | D:4      | Reached skill level 6 in Maces & Flails
  3309 | D:4      | Reached XP level 6. HP: 37/52 MP: 4/6
  3448 | D:4      | Found a white marble altar of Elyvilon.
  3626 | D:5      | Entered Level 5 of the Dungeon
  3806 | D:5      | Reached XP level 7. HP: 55/60 MP: 5/7
  3999 | D:5      | Reached skill level 7 in Maces & Flails
  4090 | D:5      | Reached skill level 5 in Armour
  4281 | D:5      | Found a burning altar of Makhleb.
  4347 | D:5      | Found a shimmering altar of Xom.
  4347 | D:5      | Found a sparkling altar of Nemelex Xobeh.
  4554 | D:6      | Noticed Prince Ribbit
  4563 | D:6      | Reached XP level 8. HP: 67/67 MP: 8/8
  4573 | D:6      | Killed Prince Ribbit
  4573 | D:6      | Reached **** piety under Trog
  4573 | D:6      | Reached skill level 8 in Maces & Flails
  4679 | D:6      | Found an opulent altar of Gozag.
  4847 | D:6      | Found a staircase to the Ecumenical Temple.
  5020 | D:6      | Found an ancient bone altar of Kikubaaqudgha.
  5116 | D:6      | Reached skill level 5 in Fighting
  5417 | D:6      | Found a glowing golden altar of the Shining One.
  5558 | D:7      | Found a blossoming altar of Fedhas.
  5817 | D:7      | Reached skill level 9 in Maces & Flails
  6049 | D:7      | Found a glowing silver altar of Zin.
  6170 | D:7      | Reached XP level 9. HP: 74/74 MP: 10/10
  6616 | D:8      | Found a sand-covered staircase.
  6627 | Ossuary  | Entered an ossuary
  6658 | Ossuary  | Reached skill level 5 in Dodging
  6665 | Ossuary  | Reached ***** piety under Trog
  6665 | Ossuary  | Received a gift from Trog
  7337 | D:8      | Reached skill level 10 in Maces & Flails
  7357 | D:8      | Mangled by an orc warrior

Skill      XL: |  1  2  3  4  5  6  7  8  9 |
---------------+----------------------------+-----
Maces & Flails | 4 5 6 7 9 10 | 10.0
Fighting       | 4 5 |  5.5
Armour         | 3 4 5 6 7 |  7.4
Stealth        | 1 2 3 |  3.5
Evocations     | 1 2 3 |  3.3
Shields        | 1 2 3 4 |  4.0
Dodging        | 3 4 5 |  5.0

Action                   |  1- 3 |  4- 6 |  7- 9 || total
-------------------------+-------+-------+-------++-------
Melee: Mace              |    78 |    70 |   254 ||   402
       Headbutt          |    12 |    21 |    52 ||    85
       Flail             |    13 |    60 |       ||    73
Invok: Berserk           |     1 |     7 |     8 ||    16
  Use: Potion            |       |     5 |       ||     5
       Scroll            |       |       |     9 ||     9
  Eat: Ration            |     1 |     2 |     3 ||     6
       Chunk             |     1 |     6 |     9 ||    16
Armor: Animal skin       |     4 |       |       ||     4
       Chain mail        |    39 |    41 |       ||    80
       Plate armour      |       |    65 |   137 ||   202
Dodge: Dodged            |    38 |    69 |    94 ||   201
Block: Buckler           |     9 |    19 |    52 ||    80
